 Dungeon Crawl Stone Soup version 0.29.1-15-g9cfb28693d (webtiles) character file.

Game seed: 16518142849555589265

4635 hawla the Thaumaturge (level 11, -7/81 HPs)
             Began as a Meteoran Fire Elementalist on Mar 5, 2023.
             Was a Follower of Vehumet.
             Mangled by a yak (10 damage)
             ... on level 7 of the Dungeon.
             The game lasted 00:11:31 (1891 turns).

hawla the Thaumaturge (Meteoran Fire Elementalist)  Turns: 1891, Time: 00:11:31

Health: -7/81      AC:  3    Str: 10    XL:     11   Next: 1%
Magic:  13/27      EV: 14    Int: 21    God:    Vehumet [*.....]
Gold:   205        SH:  0    Dex: 15    Spells: 25/32 levels left

rFire   + . .      SeeInvis .   r - +2 whip (distort)
rCold   x . .      Faith    .   (no shield)
rNeg    . . .      Spirit   .   a - +0 robe
rPois   .          Reflect  .   d - +0 helmet
rElec   .          Harm     .   n - scarf {repulsion}
rCorr   .          Rampage  .   (no gloves)
Will    ++...                   (no boots)
Stlth   +.........              f - amulet of the acrobat
HPRegen 0.23/turn               m - ring of willpower
MPRegen 0.20/turn               j - ring of fire

@: brilliant, attractive, glowing, repel missiles
A: sense surroundings 2, otherworldly, glowing, explore regen
a: Renounce Religion


You were on level 7 of the Dungeon.
You worshipped Vehumet.
Vehumet was aware of your devotion.
You visited 1 branch of the dungeon, and saw 7 of its levels.

You collected 205 gold pieces.

Inventory:

Hand Weapons
 r - a +2 whip of distortion (weapon)
Armour
 a - a +0 robe (worn)
 d - a +0 helmet (worn)
 n - a scarf of repulsion (worn)
Jewellery
 f - an amulet of the acrobat (around neck)
 j - a ring of fire (right hand)
 m - a ring of willpower (left hand)
 u - a ring of willpower
Scrolls
 b - a scroll of magic mapping {unknown}
 e - 6 scrolls of identify
 g - a scroll of amnesia {unknown}
 i - 2 scrolls of enchant weapon
 o - a scroll of fear {unknown}
 p - a scroll of blinking {unknown}
 q - a scroll of vulnerability {unknown}
 s - a scroll of torment {unknown}
 v - a scroll of brand weapon {unknown}
 w - 2 scrolls of enchant armour {unknown}
Potions
 c - a potion of brilliance
 h - 2 potions of lignification {unknown}
 k - 2 potions of attraction
 l - 2 potions of haste {unknown}
 t - 2 potions of magic


   Skills:
 + Level 2.8 Fighting
 + Level 5.1 Dodging
 - Level 1.4 Stealth
 + Level 11.0 Spellcasting
 + Level 8.3 Conjurations
 + Level 10.9 Fire Magic


You had 25 spell levels left.
You knew the following spells:

 Your Spells              Type           Power      Damage    Failure   Level
a - Foxfire               Conj/Fire      100%       2x1d9     1%          1
b - Scorch                Fire           100%       2d10      1%          2
c - Flame Wave            Conj/Fire      87%        2d19      1%          4

Your spell library contained the following spells:

 Spells                   Type           Power      Damage    Failure   Level
 Shock                    Conj/Air       100%       1d9       1%          1
 Magic Dart               Conj           100%       1d8       1%          1
 Conjure Flame            Conj/Fire      87%        6-21      1%          3
 Inner Flame              Hex/Fire       67%        N/A       1%          3
 Mephitic Cloud           Conj/Pois/Air  34%        N/A       5%          3
 Call Imp                 Summ           17%        N/A       9%          2


Dungeon Overview and Level Annotations

Branches:
Dungeon (7/15) Zot: 2283
 Temple: D:4-7

Altars:
Ashenzari
Dithmenos
Gozag
Nemelex Xobeh
Ru
Vehumet

Shops:
D:6 ?


Innate Abilities, Weirdness & Mutations

You passively map the area around you.
You are easily found by Zot.
You glow in the dark.
You regain HP and MP as you explore.


Message History

It is a scroll of identify.
i - 2 scrolls of enchant weapon The yak closely misses you.
The sky beast flickers out of sight!
Deactivating autopickup; reactivate with Ctrl-A.
It was a potion of brilliance.
You feel clever all of a sudden. The yak barely misses you.
Casting: Flame Wave (dangerous; 1% risk of failure)
Confirm with . or Enter, or press ? or * to list all spells.
Casting: Flame Wave (dangerous; 1% risk of failure)
Press: ? - help, Dir - look around, f - activate You feel a strong surge of power!
A wave of flame ripples out!
The flame wave engulfs the yak.
The yak is moderately wounded.
The flame wave engulfs the yak!
The yak is severely wounded. (Press . to intensify the flame waves.)
The yak gores you but does no damage. The yak gores you!
* * * LOW HITPOINT WARNING * * *
A wave of flame ripples out!
The flame wave engulfs the yak!
The yak is heavily wounded.
The flame wave engulfs the yak.
The yak is severely wounded.
The flame wave engulfs the yak!
You kill the yak!
Vehumet accepts your kill.
The flame wave engulfs the yak!
The yak is moderately wounded.
The flame wave engulfs something!!
The flame wave engulfs the yak!
The yak is moderately wounded.
The yak misses you. The yak gores you!
* * * LOW HITPOINT WARNING * * *
Your Spellcasting skill increases to level 11!
You have reached level 11!
It was a potion of attraction.
You feel attractive to monsters. The yak gores you!
* * * LOW HITPOINT WARNING * * *
The yak gores you!
You die...

, * .###.....## *, ,, ,
* ..#......## * #, ,
####...#,,,* * .., ,
*###.).#.# , ,..
#.....'# , # ##...#.#.#
, ## * #...##.#...* #. *
* #...##.##.#. , ##. * ,
, ####@...# ##.. , ,,
.....YYY....# ,##..# ,
,,
.......Y.....###+###..##
, ,, ,
...........#..........#
,
...####....#########..##
* .., ##.... #.... ,. ,
* #.... #.... *, , #...#
##..< ,, , , , * #...


You could see 4 yaks.

Vanquished Creatures
  Pikel (D:2)
  2 unseen horrors (D:7)
  Maggie (D:7)
  2 hornets (D:7)
  Grinder (D:4)
  2 yaks (D:7)
  Menkaure (D:4)
  A water moccasin (D:6)
  2 black bears (D:6)
  An orc warrior (D:6)
  2 ice beasts
  3 sky beasts (D:7)
  An ogre (D:5)
  A centaur (D:6)
  Blork the orc (D:4)
  2 kobold brigands (D:7)
  2 gnoll sergeants (D:7)
  2 scorpions (D:7)
  4 bullfrogs
  A necrophage (D:5)
  A howler monkey (D:6)
  5 hounds
  4 jellies
  A gnoll bouda (D:7)
  3 iguanas
  2 orc wizards
  3 gnolls (D:7)
  2 adders
  3 white imps
  2 worms
  A dart slug (D:2)
  15 orcs
  3 bats
  4 endoplasms
  A giant cockroach (D:4)
  4 goblins
  5 hobgoblins
  6 kobolds
  3 quokkas
  4 ball pythons
  A frilled lizard (D:2)
  3 rats (D:3)
109 creatures vanquished.

Vanquished Creatures (collateral kills)
  7 foxfires (D:4)
7 creatures vanquished.

Vanquished Creatures (others)
  198 foxfires
  6 plants (D:4)
204 creatures vanquished.

Grand Total: 320 creatures vanquished

Notes
Turn   | Place    | Note
-------+----------+-------------------------------------------
     0 | D:1      | hawla the Meteoran Fire Elementalist began the quest for
                  | the Orb.
     0 | D:1      | Reached XP level 1. HP: 14/14 MP: 5/5
    91 | D:1      | Reached XP level 2. HP: 15/20 MP: 4/6
   245 | D:2      | Reached XP level 3. HP: 26/26 MP: 2/8
   250 | D:2      | Learned a level 2 spell: Scorch
   306 | D:4      | Noticed a lemure
   306 | D:4      | Noticed a lemure
   307 | D:4      | Noticed Pikel
   307 | D:4      | Noticed a lemure
   332 | D:3      | Found a sacrificial altar of Ru.
   383 | D:3      | Reached skill level 3 in Spellcasting
   409 | D:4      | Reached skill level 5 in Fire Magic
   409 | D:4      | Reached XP level 4. HP: 25/33 MP: 2/10
   466 | D:4      | Noticed Grinder
   483 | D:4      | Killed Grinder
   484 | D:4      | Reached skill level 1 in Fighting
   484 | D:4      | Reached skill level 4 in Spellcasting
   484 | D:4      | Reached XP level 5. HP: 38/40 MP: 9/13
   484 | D:4      | Reached XP level 6. HP: 44/47 MP: 9/14
   492 | D:4      | Learned a level 4 spell: Flame Wave
   498 | D:4      | Noticed Menkaure
   499 | D:4      | Noticed Blork the orc
   503 | D:4      | Killed Menkaure
   504 | D:4      | Reached XP level 7. HP: 52/52 MP: 7/15
   515 | D:4      | Killed Blork the orc
   516 | D:4      | Reached skill level 5 in Conjurations
   548 | D:4      | Found an opulent altar of Gozag.
   738 | D:2      | HP: 2/52 [Pikel/+1 whip of flaming (3)]
   739 | D:2      | Killed Pikel
   740 | D:2      | Reached skill level 5 in Spellcasting
   740 | D:2      | Reached XP level 8. HP: 3/59 MP: 5/17
   754 | D:2      | Reached skill level 6 in Spellcasting
  1070 | D:3      | You fall into a shaft and drop 2 floors!
  1070 | D:5      | Entered Level 5 of the Dungeon
  1197 | D:5      | Gained mutation: You passively map the area around you.
                  | [Meteoran growth]
  1197 | D:5      | Reached XP level 9. HP: 54/64 MP: 14/19
  1426 | D:5      | Found a radiant altar of Vehumet.
  1431 | D:5      | Became a worshipper of Vehumet
  1483 | D:6      | Found Axurop's Magic Scroll Emporium.
  1490 | D:6      | Reached skill level 7 in Spellcasting
  1556 | D:6      | Found a shadowy altar of Dithmenos.
  1565 | D:6      | Reached skill level 8 in Spellcasting
  1577 | D:6      | Found a sparkling altar of Nemelex Xobeh.
  1665 | D:6      | Found a broken altar of Ashenzari.
  1708 | D:7      | Reached * piety under Vehumet
  1708 | D:7      | Offered knowledge of Shock by Vehumet.
  1709 | D:7      | Reached skill level 9 in Spellcasting
  1709 | D:7      | Reached XP level 10. HP: 60/73 MP: 11/24
  1719 | D:7      | Noticed Maggie
  1728 | D:7      | Killed Maggie
  1729 | D:7      | Reached skill level 10 in Spellcasting
  1729 | D:7      | Reached skill level 10 in Fire Magic
  1729 | D:7      | Noticed a two-headed ogre
  1867 | D:7      | Killed an unseen horror
  1868 | D:7      | Reached skill level 5 in Dodging
  1884 | D:7      | Killed an unseen horror
  1891 | D:7      | Reached skill level 11 in Spellcasting
  1891 | D:7      | Reached XP level 11. HP: 11/81 MP: 12/27
  1891 | D:7      | HP: 3/81 [yak (8)]
  1891 | D:7      | Mangled by a yak

Illustrated notes

Levels and vault maps discovered:
D:1:      erik_arrival_cave_to_civilisation [erik_arrival_cave_to_hall],
          layout_basic, nicolae_ecumenical_lake_church, minmay_distorted
D:2:      layout_loops_cross, serial_shops, shop, uniq_robin
D:3:      layout_basic, nicolae_ru_path_of_blood
D:4:      layout_basic, nicolae_gozag_seed_capital,
          minmay_temple_entry_enclosed_plants, serial_bayou,
          serial_bayou_lagoon_a, serial_bayou_lake_a, serial_bayou_lagoon_b,
          serial_bayou_pond_e, uniq_grinder, uniq_pikel, uniq_blork_the_orc,
          uniq_menkaure
D:5:      layout_cave_pools, mainiacjoe_overflow_two_lobes
D:6:      layout_basic, nicolae_dithmenos_through_a_glass_darkly,
          old_standard_altar, lemuel_tele_altar, nicolae_take_the_stairs,
          minmay_puff
D:7:      minmay_the_grid_octo_triangle [minmay_the_grid_octo_focus,
          minmay_the_grid_octo_prize_square_snowflake,
          minmay_the_grid_octo_checkerflower], layout_layer_cave,
          nicolae_uskayaw_dance_hall, dk_yredelemnul_ordeal, uniq_maggie

Skill      XL: |  1  2  3  4  5  6  7  8  9 10 |
---------------+-------------------------------+-----
Fire Magic     | 4 5 6 7 9 10 | 10.9
Spellcasting   | 3 4 5 6 9 11 | 11.0
Fighting       | 1 2 |  2.8
Dodging        | 3 4 5 |  5.1
Conjurations   | 2 4 6 7 8 |  8.3
Stealth        | |  1.4

Action                   |  1- 3 |  4- 6 |  7- 9 | 10-12 || total
-------------------------+-------+-------+-------+-------++-------
Melee: Unarmed           |     9 |     1 |     4 |       ||    14
       Staff             |       |       |     7 |       ||     7
       Whip              |       |       |    10 |       ||    10
 Cast: Foxfire           |    33 |    11 |    52 |    21 ||   117
       Scorch            |     3 |     4 |    33 |    25 ||    65
       Flame Wave        |       |       |     8 |     6 ||    14
  Use: Potion            |       |     1 |     2 |     4 ||     7
       Scroll            |       |       |       |     1 ||     1
Armor: Robe              |     3 |     3 |    15 |     6 ||    27
Dodge: Dodged            |    14 |     1 |    49 |    23 ||    87
